 Dungeon Crawl Stone Soup version 0.31-a0-1074-g0b22e4e0f1 (webtiles) character file.

Game seed: 8001702718182475684

627 dialectric the Covert (level 7, -9/37 HPs)
             Began as a Spriggan Delver on Dec 1, 2023.
             Killed from afar by Maggie (21 damage)
             ... with a bolt of fire
             ... on level 6 of the Dungeon.
             The game lasted 00:07:17 (4066 turns).

dialectric the Covert (Spriggan Delver)             Turns: 4066, Time: 00:07:18

Health: -9/37      AC:  3    Str:  8    XL:     7   Next: 23%
Magic:  8/8        EV: 20    Int: 12    God:
Gold:   144        SH:  0    Dex: 18    Spells: 6/6 levels left

rFire   . . .        x - +1 dagger (venom)
rCold   . . .        (no shield)
rNeg    + + .        b - +1 robe
rPois   .            (helmet restricted)
rElec   .            (no cloak)
rCorr   .            (gloves unavailable)
SInv    +            (boots unavailable)
Will    +....        (no amulet)
Stlth   ++++         l - ring of positive energy
HPRegen 0.26/turn    n - ring of positive energy
MPRegen 0.11/turn

%: no passive effects
@: attractive, very quick
A: very small, no large weapons, unfitting armour, see invisible, speed 3
a: no special abilities


You were on level 6 of the Dungeon.
You visited 1 branch of the dungeon, and saw 6 of its levels.

You collected 144 gold pieces.

Inventory:

Hand Weapons
 a - a +0 short sword
 x - a +1 dagger of venom (weapon)
Missiles
 p - 7 boomerangs
 E - 2 throwing nets
Armour
 b - a +1 robe (worn)
 C - a +0 buckler
Jewellery
 l - a ring of positive energy (left hand)
 n - a ring of positive energy (right hand)
Talismans
 D - a flux talisman
Wands
 g - a wand of digging (3)
 m - a wand of charming (10)
 r - a wand of acid (11)
 z - a wand of iceblast (9)
 G - a wand of flame (18)
Scrolls
 c - 3 scrolls of fog
 d - a scroll of revelation
 e - a scroll of fear
 h - a scroll of brand weapon {unknown}
 i - 3 scrolls of teleportation
 o - a scroll of identify {unknown}
 t - a scroll of vulnerability {unknown}
 u - 2 scrolls of torment {unknown}
 v - a scroll of summoning {unknown}
 w - a scroll of immolation {unknown}
 y - a scroll of amnesia {unknown}
Potions
 f - a potion of haste
 j - a potion of brilliance {unknown}
 k - a potion of ambrosia
 A - a potion of attraction
 B - a potion of might {unknown}
 F - a potion of heal wounds {unknown}


   Skills:
 - Level 4.1 Fighting
 + Level 4.7 Short Blades
 + Level 5.6 Dodging
 + Level 9.4 Stealth


You had 6 spell levels left.
You didn't know any spells.
Your spell library contained the following spells:

 Spells                   Type           Power      Damage    Failure   Level
 Summon Small Mammal      Summ           0%         N/A       32%         1
 Sublimation of Blood     Necr           0%         N/A       45%         2
 Call Canine Familiar     Summ           0%         N/A       69%         3
 Summon Guardian Golem    Hex/Summ       0%         N/A       69%         3
 Leda's Liquefaction      Hex/Erth       0%         N/A       97%         4
 Petrify                  Tmut/Erth      0%         N/A       97%         4
 Irradiate                Conj/Tmut      0%         3d11      100%        5
 Lee's Rapid Deconstruct  Erth           0%         3d4*      100%        5
 Summon Forest            Summ/Tloc      0%         N/A       100%        5
 Summon Mana Viper        Hex/Summ       0%         N/A       100%        5
 Bombard                  Conj/Erth      0%         9d1       100%        6
 Summon Cactus Giant      Summ           0%         N/A       100%        6


Dungeon Overview and Level Annotations

Branches:
Dungeon (6/15)             Temple (0/1) D:6

Altars:
Kikubaaqudgha

Annotations:
D:3 3 runed translucent doors, Dittersdorf's ghost, amateur GrFi
D:6 2 runed translucent doors, Maggie


Innate Abilities, Weirdness & Mutations

You are very small and have problems with some larger weapons.
You are too small for most types of armour.
You have supernaturally acute eyesight. (SInv)
You cover ground extremely quickly. (Speed+++)


Message History

You open the door.
Maggie the Vainglorious comes into view.
She is wielding a +1 long sword of distortion.
Found a ring of positive energy.
There is an open door here.
Maggie shouts!
You completely miss Maggie.
Maggie gestures wildly while chanting.
Maggie attempts to bespell you!
You are mesmerised by Maggie!
You hit Maggie.
Maggie is poisoned.
Maggie is lightly wounded.
Maggie closely misses you.
You hit Maggie but do no damage.
Maggie looks as sick as possible!
Maggie is lightly wounded.
Maggie completely misses you.
You barely miss Maggie.
Maggie is lightly wounded.
Maggie closely misses you.
You barely miss Maggie.
Maggie is lightly wounded.
You hit Maggie.
Maggie looks as sick as possible!
Maggie is lightly wounded.
Maggie misses you.
You hit Maggie but do no damage.
Maggie looks as sick as possible!
Maggie is lightly wounded.
Maggie hits you with a +1 long sword of distortion!
Space warps horribly around you!
* * * LOW HITPOINT WARNING * * *
You hit Maggie.
Maggie looks as sick as possible!
Maggie is moderately wounded.
Maggie misses you.
You hit Maggie but do no damage.
Maggie looks as sick as possible!
Maggie is moderately wounded.
It was a potion of attraction.
You feel attractive to monsters.
You break out of your daze.
Maggie gestures at you while chanting. The bolt of fire hits you!!
Ouch! That really hurt!
You die...

.##...P.#
#####.P.# ..#
#...# #... ..#
#...# #... ..#
#.P.# #... .=#
#.P.# #..# ..#
#.P.# #..##..#
#.P.# #..#.@.#
#...# #..#@..#
#...# #..'...#
##..#####..#...#
##........#...#
#######.###..#
### ###


You could see Maggie (extremely poisoned).

Vanquished Creatures
  Blork the orc (D:5)
  A scorpion (D:4)
  2 hounds
  2 orc priests (D:3)
  2 jellies
  A sleepcap (D:6)
  2 iguanas (D:4)
  16 adders
  A white imp (D:6)
  2 ufetubi (D:5)
  3 worms
  4 orcs
  7 ball pythons
  7 endoplasms
  3 giant cockroaches
  6 goblins
  7 hobgoblins
  A quokka (D:4)
  A ball python skeleton (D:2)
  4 bats
  13 frilled lizards
  9 kobolds
  6 rats
101 creatures vanquished.

Notes
Turn   | Place    | Note
-------+----------+-------------------------------------------
     0 | D:5      | dialectric the Spriggan Delver began the quest for the Orb.
     0 | D:5      | Reached XP level 1. HP: 11/11 MP: 2/2
    18 | D:5      | Noticed a jelly
    98 | D:4      | Noticed a hound
   105 | D:4      | Killed a hound
   106 | D:4      | Reached XP level 2. HP: 16/16 MP: 3/3
   106 | D:4      | Reached XP level 3. HP: 19/19 MP: 4/4
   409 | D:4      | Noticed a scorpion
   632 | D:2      | Reached XP level 4. HP: 11/23 MP: 5/5
   923 | D:2      | Reached skill level 8 in Stealth
  1496 | D:1      | Reached XP level 5. HP: 21/28 MP: 6/6
  2228 | D:3      | Found a runed translucent gate.
  2228 | D:3      | Found a runed translucent gate.
  2228 | D:3      | Found a runed translucent gate.
  2264 | D:3      | Noticed Dittersdorf's ghost (amateur GrFi)
  2769 | D:4      | Noticed a phantom
  3107 | D:5      | Reached XP level 6. HP: 32/32 MP: 7/7
  3205 | D:5      | Noticed Blork the orc
  3210 | D:5      | Noticed an ice beast
  3219 | D:5      | Killed Blork the orc
  3220 | D:5      | Reached skill level 5 in Dodging
  3398 | D:4      | Reached skill level 9 in Stealth
  3669 | D:6      | Found a large runed translucent door.
  3670 | D:6      | Found a large runed translucent door.
  3815 | D:6      | Reached XP level 7. HP: 28/37 MP: 8/8
  4016 | D:6      | Found a staircase to the Ecumenical Temple.
  4020 | D:6      | Found an ancient bone altar of Kikubaaqudgha.
  4054 | D:6      | Noticed Maggie
  4066 | D:6      | Killed from afar by Maggie

Illustrated notes

Levels and vault maps discovered:
D:1:      nzn_arrival_depleted_hourglass, layout_loops_cross, minmay_lizard_king
D:2:      minmay_alternating_diamond, layout_basic, serial_undead,
          serial_undead_b, serial_undead_b, serial_undead_d, serial_undead_e,
          minmay_stone_trees_medium
D:3:      layout_rooms, ebering_ghost_rock_garden, serial_glass,
          glass_columns_b, glass_columns_c
D:4:      layout_basic
D:5:      layout_basic, corexii_leaking_fountain, uniq_blork_the_orc,
          uniq_menkaure
D:6:      layout_gridville, jmf_multi_god_temple2,
          mainiacjoe_overflow_boulevard, minmay_temple_entry_grid,
          nicolae_half_adder, uniq_maggie

Skill      XL: |  1  2  3  4  5  6 |
---------------+-------------------+-----
Dodging        | 3 4 5 |  5.6
Short Blades   | 3 4 |  4.7
Fighting       | 3 4 |  4.1
Stealth        | 8 9 |  9.4

Action                     |  1- 3 |  4- 6 |  7- 9 || total
---------------------------+-------+-------+-------++-------
  Melee: Short sword       |    28 |   144 |       ||   172
         Dagger            |       |    99 |    44 ||   143
    Use: Potion            |     1 |       |     1 ||     2
         Scroll            |       |     1 |     2 ||     3
   Stab: Sleeping          |     5 |    24 |     5 ||    34
         Distracted        |       |     2 |       ||     2
 Armour: Robe              |    11 |    54 |     6 ||    71
  Dodge: Dodged            |    16 |   186 |    31 ||   233

Table legend: (Time is in decaauts)
 A = Elapsed time spent in this place.
 B = Non-inter-level travel time spent in this place.
 C = Inter-level travel time spent in this place.
 D = Time resting spent in this place.
 E = Time spent auto-exploring this place.
 F = Levels seen in this place.
 G = Mean time per level.
                   A        B        C        D        E       F      G
               +--------+--------+--------+--------+--------+-----+--------+
         Total |   2804 |   2675 |    129 |    212 |   1520 |   6 |  467.3 |
       Dungeon |   2804 |   2675 |    129 |    212 |   1520 |   6 |  467.3 |
               +--------+--------+--------+--------+--------+-----+--------+

Top non-repeatable levels by time:
     D:4: 719 daAuts
     D:2: 620 daAuts
     D:3: 533 daAuts
     D:1: 480 daAuts
     D:6: 295 daAuts
     D:5: 154 daAuts
